Unix NetHack Version 5.0.0-0 post-release - last build May 23 2026 06:08:33 (1c0ff79ee797540d5714e4e18072db0edd9e58ae,branch:main).

Game began 2026-05-23 19:30:27, ended 2026-05-23 20:23:59.

Haxasaurus, chaotic female human Barbarian

                                -------------
                                |...........|
                             ###)..)[.......|             ------------
                               #|..%........|      #######...........|
                                |.....%......#####%#      |..........|
                                |%@...".Z...|             -----.------
                                --f----------                  ########
                                                                      #
                                                                      #
                                                               -------.--
                                                            ###.........|
                                                               |.(....{.|
                                                               |....<...|
                                                               |........|
                                                               |........|
                                                               |........|
                                                               ----------

Haxasaurus the Bandit      St:18/03 Dx:15 Co:18 In:8 Wi:7 Ch:7  Chaotic
Dlvl:7  $:13 HP:60(74) Pw:15(15) AC:2  Xp:7/760 T:4572  Burdened

Latest messages:
 You miss the lizard.
 Pringle misses the lizard.
 Pringle misses the lizard.
 You kill the lizard!
 Pringle eats a lizard corpse.
 You see here an orc corpse.
 You hear the splashing of a naiad.
 You see here a dwarvish iron helm.
 The Mordor orc picks up an orcish chain mail.
 The Mordor orc wields a scimitar!
 You smite the Mordor orc!
 The Mordor orc swings his scimitar.
 The Mordor orc misses!
 Pringle bites the Mordor orc.
 The Mordor orc swings his scimitar at Pringle.
 The Mordor orc misses Pringle.
 Pringle misses the Mordor orc.
 You kill the Mordor orc!
 Pringle eats a Mordor orc corpse.
 What do you want to wear?
 You are now wearing a towel around your head.
 You can't see any more.
 You smite the floating eye.
 You kill the floating eye!
 Pick a monster, object or location.
 You were wearing a towel.
 You can see again.
 The large dog bites!
 [HP -7, 67 left]
 You miss the large dog.
 You smite the large dog!
 The large dog bites!
 [HP -6, 62 left]
 The large dog bites!
 [HP -4, 58 left]
 You smite the large dog!
 The large dog misses!
 The large dog misses!
 You kill the large dog!
 You have a little trouble lifting S - a hexagonal amulet.
 There is a large dog corpse here; eat it? y
 This large dog corpse tastes okay.
 You feel that eating the large dog was a bad idea.
 You stop eating the large dog corpse.
 Really quit without saving? y
 Do you want your possessions identified? y
 Do you want to see your attributes? y
 Do you want an account of creatures vanquished? [ynaq] (y) y
 Do you want to see your conduct and achievements? y
 Do you want to see the dungeon overview? y

Inventory:
 Coins    ('$')
  $ - 13 gold pieces
 Amulets  ('"')
  S - an uncursed amulet of magical breathing
 Weapons  (')')
  W - a +0 aklys
  a - a +0 battle-axe (weapon in hands)
  H - a +0 short sword (alternate weapon; not wielded)
 Armor    ('[')
  g - an uncursed +0 orcish helm (being worn)
  U - an uncursed +0 pair of iron shoes (being worn)
  V - an uncursed +2 dwarvish cloak (being worn)
  c - an uncursed +0 ring mail (being worn)
 Comestibles  ('%')
  d - an uncursed food ration
  R - an uncursed pear
  D - an uncursed tripe ration
  Z - an uncursed tin of spinach
  L - an uncursed lizard corpse
 Scrolls  ('?')
  G - a blessed scroll of confuse monster
  o - a cursed scroll of create monster
  z - 2 uncursed scrolls of earth
  N - an uncursed scroll of enchant armor
  F - 2 uncursed scrolls of enchant weapon
  l - a cursed scroll of enchant weapon
  y - a cursed scroll of identify
  h - an uncursed scroll of light
  x - an uncursed scroll of stinking cloud
  u - 2 uncursed scrolls of teleportation
 Potions  ('!')
  e - 2 uncursed potions of booze
  r - an uncursed potion of confusion
  Q - an uncursed potion of extra healing
  j - a blessed potion of gain energy
  i - 5 uncursed potions of healing
  n - a cursed potion of healing
  M - an uncursed potion of invisibility
  I - a blessed potion of object detection
  J - an uncursed potion of object detection
  A - a blessed potion of speed
  P - an uncursed potion of speed
  q - 2 uncursed potions of water
 Wands    ('/')
  v - a blessed wand of digging (0:4)
  B - a wand of undead turning (0:7)
 Tools    ('(')
  b - an uncursed sack containing 1 item
  p - an uncursed credit card
  K - an uncursed mirror
  k - an uncursed oil lamp
  Y - a tinning kit (0:92)
  t - an uncursed towel
 Gems/Stones  ('*')
  f - an uncursed jade stone
  C - an uncursed topaz stone
  w - an uncursed worthless piece of black glass
  E - an uncursed worthless piece of red glass
  s - an uncursed worthless piece of yellowish brown glass

Contents of the sack:
  317 gold pieces

Haxasaurus the Barbarian's attributes:

Background:
 You were a Bandit, a level 7 female human Barbarian.
 You were chaotic, nominally on a mission for Set
 who was opposed by Mitra (lawful) and Crom (neutral).
 You were right-handed.
 You were in the Dungeons of Doom, on level 7.
 You entered the dungeon 4572 turns ago.
 You had 760 experience points, 520 more were needed to attain level 8.

Basics:
 You had 60 out of 74 hit points.
 You had all 15 energy points (spell power).
 Your armor class was 2.
 Your wallet contained 13 zorkmids, and
 you had 317 more stashed away in your pack.
 Autopickup was on for '$"=/!?' plus thrown, with exceptions.

Final Characteristics:
 Your strength was 18/03 (limit:18/100).
 Your dexterity was 15 (limit:18).
 Your constitution was 18 (limit:18).
 Your intelligence was 8 (limit:18).
 Your wisdom was 7 (limit:18).
 Your charisma was 7 (limit:18).

Final Status:
 You weren't hungry.
 You were burdened; movement was slightly slowed.
 You were wielding an axe.
 You were skilled in axe.

Final Attributes:
 You were piously aligned.
 Your items were somewhat protected from fire.
 Your items were somewhat protected from cold.
 You were poison resistant.
 You were telepathic.
 You aggravated monsters.
 You were warded.
 You were fast.
 You survived.

Miscellaneous:
 You didn't encounter any bones levels.
 Total elapsed playing time was 53 minutes and 25 seconds.

Major events:
 Turn
    1: Haxasaurus the chaotic female human Barbarian entered the dungeon
  911: entered the Gnomish Mines
 1030: attained the rank of Pillager (level 3)
 3805: attained the rank of Bandit (level 6)
 4572: quit

You didn't know any spells.

Skills:
 Fighting Skills
   bare handed combat [Basic]
   two weapon combat  [Unskilled]
   riding             [Unskilled]
 Weapon Skills
   dagger             [Unskilled]
   axe                [Skilled]
   pick-axe           [Unskilled]
   short sword        [Basic]
   broadsword         [Unskilled]
   long sword         [Unskilled]
   two-handed sword   [Unskilled]
   saber              [Unskilled]
   club               [Unskilled]
   mace               [Unskilled]
   morning star       [Unskilled]
   flail              [Unskilled]
   hammer             [Unskilled]
   quarterstaff       [Unskilled]
   spear              [Unskilled]
   trident            [Unskilled]
   bow                [Unskilled]
 Spellcasting Skills
   attack spells      [Unskilled]
   escape spells      [Unskilled]

Voluntary challenges:
 Character rerolling was not enabled.
 You were an atheist.
 You never genocided any monsters.
 You never polymorphed an object.
 You never changed form.
 You used no wishes.
Achievements:
 You entered a shop.
 You entered the Gnomish Mines.
 You attained the rank of Pillager.
 You attained the rank of Bandit.

 The Dungeons of Doom: levels 1 to 7
    Level 1:
       A fountain.
    Level 2:
       A general store, a fountain.
       Stairs down to The Gnomish Mines.
    Level 3: "vault"
    Level 4: "vault"
       A grave.
    Level 5:
       A fountain.
    Level 6:
       A potion shop, some fountains.
    Level 7: "throne" <- You were here.
       A fountain.
 The Gnomish Mines:
    Level 3:


Vanquished creatures:
  a large dog
  a leprechaun
  a giant spider
  2 lizards
  a dingo
  a dust vortex
  a wood nymph
  a water nymph
  a mountain nymph
  2 Mordor orcs
  a rock piercer
  2 ponies
  a fog cloud
  a yellow light
  a shrieker
  2 gnome leaders
  2 giant ants
  3 floating eyes
  2 kittens
  2 dwarves
  a rothe
  3 orc zombies
  3 iguanas
  5 killer bees
  2 acid blobs
  a hobbit
  3 large kobolds
  6 giant rats
  3 yellow molds
  a green mold
  8 gnomes
  2 gnome zombies
  2 geckos
  6 jackals
  4 foxes
  2 goblins
  2 sewer rats
  5 grid bugs
  4 lichens
  2 newts
94 creatures vanquished.

No species were genocided or became extinct.

Goodbye Haxasaurus the Barbarian...

You quit in The Dungeons of Doom on dungeon level 7 with 3670 points,
and 330 pieces of gold, after 4572 moves.
You were level 7 with a maximum of 74 hit points when you quit.

